Map: Port Aleksander LE

Players

MaSa

  • Race: Terran Terran
  • Spawn Location: 11:00

JonSnow - Winner!

  • Race: Zerg Zerg
  • Spawn Location: 5:00

Event: 2019 WCS Spring

VOD

Have the link to the VOD?

Description

Time

  • Played on: May 17, 2019, 3:15 p.m.
  • Length: 6:49

All games in this series

Show
View Real Time Build Order
Export as new Build Order

MaSa Terran 

Build Orders: Gas First Reaper Expand 

Get SALT Encoding   

  12  0:00  SCV  
  13  0:12  SCV  
  14  0:18  Supply Depot  
  14  0:25  SCV  
  15  0:29  Refinery  
  15  0:39  SCV  
  16  0:45  Barracks  
  16  0:51  SCV  
  17  1:03  SCV  
  18  1:15  SCV  
  19  1:32  Reaper, Orbital Command  
  20  1:45  Command Center  
  20  1:57  Factory  
  20  1:59  SCV  
  21  2:06  Refinery  
  21  2:08  Barracks Reactor  
  21  2:12  SCV  
  22  2:18  Supply Depot  
  22  2:24  SCV  
  23  2:40  SCV  
  24  2:44  Starport  
  24  2:47  Factory Tech Lab  
  24  2:48  Marine  
  24  2:49  Marine  
  26  2:52  SCV  
  27  3:03  Orbital Command  
  27  3:04  SCV  
  28  3:07  Marine x2  
  30  3:14  Widow Mine  
  30  3:16  SCV  
  33  3:22  Viking  
  35  3:29  Fusion Core  
  35  3:31  SCV  
  35  3:33  SCV  
  37  3:35  Marine  
  37  3:37  Marine  
  39  3:43  SCV  
  40  3:49  SCV  
  40  3:50  Siege Tank  
  40  3:55  SCV, Refinery  
  45  4:00  Supply Depot  
  46  4:02  SCV  
  46  4:04  Supply Depot  
  46  4:12  Starport Tech Lab  
  46  4:22  SCV x2  
  48  4:24  Marine x2  
  50  4:34  SCV  
  50  4:36  SCV, Supply Depot  
  52  4:41  Battlecruiser  
  52  4:43  Marine x2  
  59  4:46  SCV  
  59  4:49  SCV  
  61  4:57  Siege Tank  
  61  4:58  SCV  
  65  5:02  Command Center  
  65  5:03  SCV  
  66  5:08  Marine x2  
  66  5:12  SCV  
  69  5:16  Refinery  
  69  5:17  Supply Depot  
  69  5:18  SCV  
  70  5:23  Supply Depot  
  70  5:38  SCV x2, Siege Tank, Marine x2  
  70  5:40  Supply Depot  
  77  5:53  SCV  
  77  5:56  Marine x2  
  86  5:58  SCV  
  86  6:07  SCV  
  87  6:12  SCV  
  81  6:19  SCV  
  81  6:20  Command Center  
  82  6:28  SCV  
  83  6:33  SCV  
Show
View Real Time Build Order
Export as new Build Order

JonSnow Zerg - Winner!

Build Orders: Hatch First 

Get SALT Encoding   

  12  0:00  Drone  
  13  0:09  Drone  
  14  0:18  Overlord  
  14  0:23  Extractor  
  14  0:24  Drone  
  15  0:38  Drone x2  
  17  0:54  Hatchery  
  16  0:58  Drone  
  16  1:02  Drone  
  18  1:14  Spawning Pool  
  17  1:19  Drone  
  17  1:22  Drone  
  19  1:42  Hatchery  
  19  1:46  Drone  
  19  1:48  Extractor  
  18  2:02  Queen  
  18  2:03  Zergling x2  
  18  2:08  Queen  
  23  2:16  Overlord  
  23  2:17  Drone  
  23  2:22  Drone  
  25  2:25  Drone  
  25  2:28  Drone  
  27  2:31  Zergling x2  
  28  2:45  Drone x2  
  28  2:46  Drone  
  31  2:56  Queen  
  33  3:07  Drone x5  
  33  3:12  Metabolic Boost  
  38  3:18  Overlord  
  38  3:20  Drone x2  
  38  3:26  Queen  
  42  3:29  Overlord  
  42  3:39  Drone x5  
  47  3:41  Drone  
  47  3:44  Drone x2  
  50  3:48  Drone  
  50  3:51  Queen  
  52  4:00  Drone x5  
  57  4:09  Overlord  
  57  4:11  Extractor  
  57  4:12  Queen  
  57  4:13  Evolution Chamber, Overlord  
  57  4:20  Overlord  
  57  4:27  Overlord  
  57  4:31  Queen, Drone x2  
  57  4:32  Drone x4  
  57  4:38  Zerg Ground Armor Level 1  
  65  4:39  Zergling x8  
  65  4:44  Drone x3  
  65  4:45  Drone  
  73  4:50  Queen  
  75  4:53  Overlord  
  75  4:56  Zergling x6  
  77  5:00  Zergling x2  
  77  5:01  Zergling x6  
  81  5:10  Overlord  
  81  5:11  Lair, Queen  
  83  5:14  Extractor  
  83  5:16  Baneling Nest  
  83  5:18  Spore Crawler  
  83  5:19  Spore Crawler x2  
  78  5:22  Spore Crawler x2  
  78  5:27  Drone  
  78  5:28  Drone x3  
  78  5:39  Zergling x18  
  87  5:47  Queen  
  87  5:49  Queen  
  91  5:54  Zergling x10  
  91  5:55  Zergling x2  
  97  6:02  Baneling  
  97  6:03  Overlord, Baneling  
  95  6:15  Zergling x4  
  96  6:21  Zergling x20  
  96  6:24  Spire  
  105  6:28  Overlord  
  105  6:30  Overlord  
  106  6:40  Evolution Chamber  
Tags
 
Add a new tag
Caveats
  • Supply blocks, unpowered buildings, or Contaminate may cause inaccurate times.
  • Supply counts are checked every 10 seconds.